 Dungeon Crawl Stone Soup version 0.18-a0-921-g28655ce (webtiles) character file.

465 JokEr the Skirmisher (level 7, -1/59 HPs)
             Began as a Formicid Abyssal Knight on Dec 27, 2015.
             Was a Believer of Lugonu.
             Succumbed to Robin's poison
             ... on level 4 of the Dungeon.
             The game lasted 00:11:44 (4817 turns).

JokEr the Skirmisher (Formicid Abyssal Knight)      Turns: 4817, Time: 00:11:45

Health: -1/59      AC:  3    Str: 18    XL:     7   Next: 29%
Magic:  7/8        EV: 16    Int: 12    God:    Lugonu [**....]
Gold:   161        SH:  0    Dex: 18    Spells: 0 memorised, 6 levels left

rFire  . . .     SeeInvis +     a - +1 hand axe
rCold  . . .     Gourm    .     b - +0 leather armour
rNeg   . . .     Faith    .     (no shield)
rPois  .         Spirit   .     (helmet unavailable)
rElec  .         Dismiss  .     (no cloak)
rCorr  .         Reflect  .     (no gloves)
SustAt .         Harm     .     (no boots)
MR     .....                    (no amulet)
Stlth  ++........               (no ring)
                                f - +3 ring of dexterity

@: agile, lethally poisoned (-1 -> -54), not resistant to hostile enchantments,
unstealthy
A: permanent stasis, dig shafts and tunnels, four strong arms, antennae 3
a: Dig, Shaft Self, Depart the Abyss, Bend Space, Renounce Religion


You were on level 4 of the Dungeon.
You worshipped Lugonu.
Lugonu was pleased with you.
You were not hungry.

You visited 1 branch of the dungeon, and saw 4 of its levels.
You visited the Abyss 1 time.

You collected 161 gold pieces.

Inventory:

Hand Weapons
 a - a +1 hand axe (weapon)
Armour
 b - a +0 leather armour (worn)
Jewellery
 f - a +3 ring of dexterity (left hand)
Scrolls
 j - a scroll of fog {unknown}
 m - 2 scrolls of recharging
Potions
 e - a potion of cancellation {unknown}
 i - 2 potions of flight
 n - a potion of haste {unknown}
Comestibles
 c - 4 bread rations
 d - 2 meat rations
 g - a slice of pizza


   Skills:
 + Level 6.5 Fighting
 + Level 5.3 Axes
 - Level 2.1 Armour
 - Level 0.8 Dodging
 - Level 2.1 Invocations


You had 6 spell levels left.
You didn't know any spells.

Dungeon Overview and Level Annotations

Branches:
Dungeon (4/15)
 Temple: D:4-7

Altars:
Gozag
The Shining One

Annotations:
D:4 Robin


Innate Abilities, Weirdness & Mutations

You are under a permanent stasis effect.
You can dig through walls and to a lower floor.
Your four strong arms can wield two-handed weapons with a shield.
You have a pair of large antennae on your head (SInv).


Message History

A hobgoblin comes into view.
Drink which item? (? for menu, Esc to quit)
You feel much better.
You feel very sick.
The hobgoblin shouts!
The goblin hits you with a dagger. Robin hits you with a whip of venom!
You are more poisoned.
Drink which item? (? for menu, Esc to quit)
You feel agile all of a sudden.
* * * LOW HITPOINT WARNING * * *
You feel very sick. The goblin hits you with a dagger.
* * * LOW HITPOINT WARNING * * *
Robin hits you with a whip of venom.
* * * LOW HITPOINT WARNING * * *
You are more poisoned.
Space bends around you!
You blink.
* * * LOW HITPOINT WARNING * * *
You feel slightly more hungry.
You die...

##.#####g# # #.# #.# #.# #g#
# #.# #§# .# ...####g##.##.#
#.............#
##.#.......#### #.#.##.####
#. #.#.#..@## #.# #.#......##
#.# #####
#.........####.#####.[..
#....................##.
##...................##.
#######.......#.###.##.#.....
........#.....#.# #.÷........
#######...#.#..#.##..........
#......####.###.#÷##.......


You could see Robin and a goblin.

Vanquished Creatures
  An ogre (D:4)
  A giant frog (D:4)
  A scorpion (D:4)
  A hound (D:4)
  An orc wizard (D:4)
  An orc priest (D:4)
  A worker ant (D:4)
  7 adders
  2 worms (D:2)
  8 orcs
  A ball python (D:2)
  7 bats
  16 goblins
  8 hobgoblins
  11 jackals
  A giant cockroach (D:2)
  2 giant geckos
  A giant gecko skeleton (D:4)
  6 giant newts
  4 kobolds (D:3)
  2 quokkas
  6 rats
89 creatures vanquished.

Notes
Turn   | Place    | Note
--------------------------------------------------------------
     0 | Abyss:1  | JokEr the Formicid Abyssal Knight began the quest for the Orb.
     0 | Abyss:1  | Reached XP level 1. HP: 18/18 MP: 2/2
     0 | D:1      | Escaped the Abyss
   187 | D:1      | Reached XP level 2. HP: 17/24 MP: 3/3
   891 | D:2      | Reached * piety under Lugonu
  1031 | D:2      | Reached skill level 4 in Fighting
  1031 | D:2      | Reached XP level 3. HP: 24/30 MP: 4/4
  1573 | D:2      | Found an opulent altar of Gozag.
  1602 | D:2      | Reached XP level 4. HP: 13/38 MP: 5/5
  2494 | D:3      | Found a faded altar to an unknown god.
  2733 | D:3      | Reached ** piety under Lugonu
  3131 | D:3      | Reached XP level 5. HP: 31/43 MP: 6/6
  3255 | D:4      | Reached skill level 5 in Fighting
  3814 | D:4      | Noticed an ogre
  3868 | D:4      | Reached XP level 6. HP: 42/51 MP: 7/7
  4196 | D:4      | Reached skill level 6 in Fighting
  4412 | D:4      | Reached skill level 5 in Axes
  4412 | D:4      | Reached XP level 7. HP: 21/59 MP: 8/8
  4775 | D:4      | Found a glowing golden altar of the Shining One.
  4783 | D:4      | Noticed Robin
  4817 | D:4      | Succumbed to Robin's poison

Vault maps used:
D:1:      dpeg_arrival_simpleton_a
D:2:      nicolae_gozag_seed_capital
D:3:      ecumenical_altar_2, st_stairs_5
D:4:      kennysheep_mini, minmay_temple_entry_glassed_door, first_bread,
          minmay_misc_feat_diagonals, uniq_robin

Action                   |  1- 3 |  4- 6 |  7- 9 || total
-------------------------+-------+-------+-------++-------
Melee: Hand axe          |    84 |   228 |    40 ||   352
Invok: Depart the Abyss  |     1 |       |       ||     1
       Bend Space        |       |       |     1 ||     1
  Use: Scroll            |     1 |     5 |       ||     6
       Potion            |     1 |     3 |     2 ||     6
  Eat: Chunk             |     1 |     8 |       ||     9
       Pizza             |     1 |       |       ||     1
       Bread ration      |       |     1 |       ||     1
